 Dungeon Crawl Stone Soup version 0.17.0-24-gcfadda4 (webtiles) character file.

102 Sorcv the Vexing (level 4, 0/33 HPs)
             Began as a Mummy Enchanter on Nov 15, 2015.
             Killed from afar by an orc wizard (9 damage)
             ... with a magic dart
             ... on level 3 of the Dungeon.
             The game lasted 00:07:21 (1905 turns).

Sorcv the Vexing (Mummy Enchanter)                  Turns: 1905, Time: 00:07:22

Health: 0/33       AC:  8    Str: 11    XL:     4   Next: 49%
Magic:  2/7        EV: 12    Int: 14    God:
Gold:   144        SH:  0    Dex: 13    Spells: 4 memorised, 2 levels left

rFire  x . .     SeeInvis .     i - +1 dagger (freeze)
rCold  + . .     Clarity  .     b - +1 robe
rNeg   + + +     SustAt   +     (no shield)
rPois  ∞         Gourm    .     k - +1 helmet
rElec  .         Spirit   .     (no cloak)
rCorr  .         Warding  .     j - +0 pair of gloves
rMut   .         Stasis   .     g - +0 pair of boots
MR     .....                    (no amulet)
Stlth  ++........               n - +1 ring of protection
                                m - ring of sustain attributes

@: not resistant to hostile enchantments, unstealthy
A: no food or potions, fire vulnerability, cold resistance 1, negative energy
resistance 3, torment resistance, unbreathing
a: no special abilities


You were on level 3 of the Dungeon.
You were not hungry.

You visited 1 branch of the dungeon, and saw 3 of its levels.

You collected 144 gold pieces.

Inventory:

Hand Weapons
 a - a +1 dagger
 i - a +1 dagger of freezing (weapon)
Armour
 b - a +1 robe (worn)
 g - a +0 pair of boots (worn)
 j - a +0 pair of gloves (worn)
 k - a +1 helmet (worn)
Jewellery
 m - a ring of sustain attributes (left hand)
 n - a +1 ring of protection (right hand)
Scrolls
 d - a scroll of random uselessness
 e - 2 scrolls of remove curse
 f - a scroll of enchant armour
 h - 5 scrolls of identify
Books
 c - a book of Maledictions

   Spells                             Type                      Level
   a - Corona                         Hexes                        1
   b - Ensorcelled Hibernation        Hexes/Ice                    2
   c - Confuse                        Hexes                        3
   d - Tukima's Dance                 Hexes                        3
   e - Dazzling Spray                 Conjuration/Hexes            3


   Skills:
 + Level 1.9 Fighting
 + Level 1.8 Short Blades
 - Level 1.5 Dodging
 + Level 3.1 Stealth
 - Level 2.0 Spellcasting
 + Level 3.3 Hexes


You had 2 spell levels left.
You knew the following spells:

 Your Spells              Type           Power        Failure   Level  Hunger
a - Corona                Hex            ##.....      10%         1    N/A
b - Ensorcelled Hibernat  Hex/Ice        #.....       21%         2    N/A
c - Summon Butterflies    Summ           #.......     24%         1    N/A
d - Animate Skeleton      Necr           N/A          24%         1    N/A

Dungeon Overview and Level Annotations

Branches:
Dungeon (3/15)

Altars:
Kikubaaqudgha
Sif Muna
Vehumet


Innate Abilities, Weirdness & Mutations

You do not eat or drink.
Your flesh is vulnerable to fire.
You are immune to poison.
Your flesh is cold resistant.
You are immune to negative energy.
You are immune to unholy pain and torment.
You can survive without breathing.


Message History

The orc wizard casts a spell at you. The magic dart hits you!
* * * LOW HITPOINT WARNING * * *
Casting: Corona
Confirm with . or Enter, or press ? or * to list all spells.
Aiming: Ensorcelled Hibernation
Press: ? - help, Shift-Dir - straight line, f - orc wizard
Aim: an orc wizard, wielding a dagger of venom and wearing a robe (softly glowing, slightly transparent, chance to defeat MR: 37%)
The orc wizard easily resists.
The orc wizard hits you with a dagger of venom.
* * * LOW HITPOINT WARNING * * *
Read which item? (? for menu, Esc to quit)
Okay, then.
You aren't carrying any items that can be evoked.
You see here a bat corpse.
A rat comes into view.
The orc wizard stops glowing and disappears.
A magic dart appears from out of thin air!
The magic dart hits you!
You die...

##..## ....## #...#
#...# ##.[.##
#...<.# #..
#####......# #.#.
#.....#...## ...##
#@#####...#
#r...###.#####...#
#####...........####
.................# #
..........o.......#
#
.........#.........
##
.......o##.o.......
..
.........#o........
..
.........##.......#


You could see 4 orcs.

Vanquished Creatures
  3 gnolls
  2 adders
  A worm (D:2)
  2 orcs (D:3)
  2 hobgoblins (D:2)
  5 jackals (D:2)
  2 quokkas
  7 bats
  4 giant cockroaches
  A giant gecko (D:3)
  6 giant newts
  6 goblins
  6 kobolds
  6 rats
53 creatures vanquished.

Notes
Turn   | Place    | Note
--------------------------------------------------------------
     0 | D:1      | Sorcv the Mummy Enchanter began the quest for the Orb.
     0 | D:1      | Reached XP level 1. HP: 13/13 MP: 3/3
   202 | D:1      | Reached skill level 1 in Short Blades
   202 | D:1      | Reached skill level 3 in Hexes
   212 | D:1      | Reached XP level 2. HP: 14/20 MP: 5/5
   245 | D:1      | Learned a level 2 spell: Ensorcelled Hibernation
   444 | D:1      | Reached skill level 1 in Fighting
   726 | D:2      | Reached XP level 3. HP: 26/26 MP: 6/6
  1212 | D:2      | Reached XP level 4. HP: 18/33 MP: 1/7
  1601 | D:2      | Found a deep blue altar of Sif Muna.
  1603 | D:2      | Found a radiant altar of Vehumet.
  1603 | D:2      | Found an ancient bone altar of Kikubaaqudgha.
  1608 | D:2      | Identified Vehumet's Collected Works on Conjuration
  1615 | D:2      | Identified Sif Muna's Catalogue of Creation
  1622 | D:2      | Identified Kikubaaqudgha's Disquisition on Evil Secrets
  1628 | D:2      | Learned a level 1 spell: Summon Butterflies
  1630 | D:2      | Learned a level 1 spell: Animate Skeleton
  1905 | D:3      | Killed from afar by an orc wizard

Action                   |  1- 3 |  4- 6 || total
-------------------------+-------+-------++-------
Melee: Dagger            |   128 |    76 ||   204
 Cast: Corona            |     4 |     2 ||     6
       Ensorcelled Hiber |     5 |     4 ||     9
  Use: Scroll            |       |     4 ||     4
 Stab: Sleeping          |     8 |     2 ||    10
